 Dungeon Crawl Stone Soup version 0.29-a0-1047-g7c58e119a4 (webtiles) character file.

Game seed: 112866715898298818

59 Zeldest the Magician (level 4, -2/34 HPs)
             Began as a Djinni Warper on Aug 16, 2022.
             Slain by an ogre
             ... wielding a +0 giant club
              (15 damage)
             ... on level 5 of the Dungeon.
             The game lasted 00:04:03 (2700 turns).

Zeldest the Magician (Djinni Warper)                Turns: 2700, Time: 00:04:04

Health: -2/34      AC:  3    Str: 12    XL:     4   Next: 22%
Gold:   68         EV: 12    Int: 14    God:
                   SH:  0    Dex: 13

rFire   + + .      SeeInvis .     - Unarmed
rCold   x . .      Faith    .   (no shield)
rNeg    . . .      Spirit   .   a - +0 leather armour
rPois   ∞          Reflect  .   (no helmet)
rElec   .          Harm     .   (no cloak)
rCorr   .          Rampage  .   (no gloves)
Will    .....                   (boots unavailable)
Stlth   +.........              (no amulet)
HPRegen 0.11/turn               (no ring)
MPRegen 0.00/turn               (no ring)

@: flying
A: sickness immunity, fire resistance 2, cold vulnerability 1, float, innate
caster, HP casting, extra vitality 1
a: no special abilities


You were on level 5 of the Dungeon.
You visited 1 branch of the dungeon, and saw 5 of its levels.

You collected 68 gold pieces.

Inventory:

Missiles
 c - 7 boomerangs of dispersal (quivered)
Armour
 a - a +0 leather armour (worn)
Magical Staves
 m - a staff of death
Jewellery
 h - a ring of protection from cold
Scrolls
 b - a scroll of blinking
 e - 5 scrolls of identify {unknown}
 f - a scroll of poison {unknown}
 i - a scroll of acquirement {unknown}
 j - a scroll of amnesia {unknown}
 l - a scroll of enchant weapon {unknown}
 o - a scroll of immolation {unknown}
Potions
 d - a potion of heal wounds {unknown}
 g - 2 potions of curing
 k - a potion of haste {unknown}
 n - a potion of resistance {unknown}


   Skills:
 + Level 2.4 Fighting
 - Level 0.7 Throwing
 - Level 1.0 Armour
 + Level 2.7 Dodging
 * Level 2.8 Unarmed Combat
 * Level 2.9 Spellcasting


You couldn't memorise any spells.
You knew the following spells:

 Your Spells              Type           Power      Damage    Failure   Level
a - Blink                 Tloc           20%        N/A       12%         2
b - Lesser Beckoning      Tloc           10%        N/A       24%         3
c - Gell's Gravitas       Tloc           10%        N/A       24%         3
d - Teleport Other        Tloc           10%        N/A       24%         3
e - Manifold Assault      Tloc           10%        N/A       92%         5
f - Slow                  Hex            40%        N/A       9%          1
Your spell library was empty.

Dungeon Overview and Level Annotations

Branches:
Dungeon (5/15)
 Temple: D:4-7

Altars:


Innate Abilities, Weirdness & Mutations

You are immune to sickness and miasma.
You are immune to poison.
Your flesh is very heat resistant. (rF++)
You are vulnerable to cold. (rC-)
You float through the air rather than walking.
You learn spells naturally, not from books.
Your magical power is your life essence.
You have superior vitality. (+4 MHP)


Message History

Your magical contamination has completely faded away.
A hound comes into view.
The hound barks!
A dart slug comes into view.
A jackal comes into view. x3
The giant cockroach bites you but does no damage.
The jackal moves out of view. x2
A jackal comes into view.
The jackal barks! x2
The hound closely misses you. The hound misses you.
A scorpion comes into view.
There is an escape hatch in the floor here.
The hound bites you.
The orc priest mumbles some strange prayers to Beogh against you.
Pain shoots through your body!
* * * LOW HITPOINT WARNING * * *
The giant cockroach bites you but does no damage.
The jackal misses you. The hound barely misses you. The dart slug bites you.
* * * LOW HITPOINT WARNING * * *
You fly downwards.
The hatch slams shut behind you.
Blink to where?
Press: ? - help, Dir - move target
As you read the scroll of blinking, it crumbles to dust.
You feel better.
You aren't carrying any items that you can evoke.
Okay, then.
Casting: Gell's Gravitas (quite dangerous; 24% risk of failure)
Confirm with . or Enter, or press ? or * to list all spells.
Okay, then.
Casting: Gell's Gravitas (quite dangerous; 24% risk of failure)
Confirm with . or Enter, or press ? or * to list all spells.
Aiming: Slow (safe; 9% risk of failure)
Press: ? - help, Shift-Dir - straight line, f - jackal
Aim: a jackal (chance to affect: 66%)
The jackal seems to slow down.
An ogre comes into view. It is wielding a +0 giant club.
Found a potion of curing.
The ogre shouts!
The ogre hits you with a +0 giant club!
You die...

#. #.
#. #.
###.
!..
#O#####
#.@.h.#
#####.#
#.# #.#
#.# #w#
#.# #h#
#.#


You could see an ogre and a jackal (slow).

Vanquished Creatures
  An adder (D:2)
  A worm (D:2)
  2 dart slugs (D:1)
  2 orcs (D:2)
  6 endoplasms
  A giant cockroach (D:3)
  5 goblins
  3 hobgoblins
  5 kobolds
  3 quokkas
  4 ball pythons
  2 frilled lizards (D:1)
  3 rats (D:1)
38 creatures vanquished.

Notes
Turn   | Place    | Note
-------+----------+-------------------------------------------
     0 | D:1      | Zeldest the Djinni Warper began the quest for the Orb.
     0 | D:1      | Zeldest set off with the following spells memorised: Blink,
                  | Lesser Beckoning, Gell's Gravitas, Teleport Other, Manifold
                  | Assault.
     0 | D:1      | Reached XP level 1. HP: 18/18 MP: 0/0
   129 | D:1      | Reached XP level 2. HP: 14/23 MP: 0/0
   831 | D:1      | Reached XP level 3. HP: 28/28 MP: 0/0
   831 | D:1      | Learned a level 1 spell: Slow
  1976 | D:3      | Identified the +3 broad axe "Jellybane" {protect, rN++}
  2006 | D:3      | Reached XP level 4. HP: 28/34 MP: 0/0
  2069 | D:3      | Found a faded altar of an unknown god.
  2689 | D:4      | Noticed a scorpion
  2691 | D:5      | Entered Level 5 of the Dungeon
  2699 | D:5      | Noticed an ogre
  2700 | D:5      | Slain by an ogre

Illustrated notes

Levels and vault maps discovered:
D:1:      lemuel_arrival_hallway, layout_basic, nrook_campfire
D:2:      layout_rooms
D:3:      layout_basic, hellmonk_ecumenical_altar_lost_god
D:4:      layout_cave_pools, minmay_temple_entry_butterflies
D:5:      layout_loops_ring, nicolae_overflow_hidden_temple,
          nicolae_shop_vocational

Action                   |  1- 3 |  4- 6 || total
-------------------------+-------+-------++-------
Melee: Unarmed           |   149 |    49 ||   198
       Punch             |     1 |     2 ||     3
 Cast: Gell's Gravitas   |     2 |       ||     2
       Slow              |       |     1 ||     1
       Blink             |       |     1 ||     1
  Use: Potion            |     1 |     3 ||     4
       Scroll            |       |     1 ||     1
 Stab: Sleeping          |     1 |       ||     1
Armor: Leather armour    |    20 |    35 ||    55
       Skin              |     4 |     3 ||     7
Dodge: Dodged            |    96 |    88 ||   184

Table legend: (Time is in decaauts)
 A = Elapsed time spent in this place.
 B = Non-inter-level travel time spent in this place.
 C = Inter-level travel time spent in this place.
 D = Time resting spent in this place.
 E = Time spent auto-exploring this place.
 F = Levels seen in this place.
 G = Mean time per level.
                   A        B        C        D        E       F      G
               +--------+--------+--------+--------+--------+-----+--------+
         Total |   2690 |   2655 |     35 |   1427 |    710 |   5 |  538.0 |
       Dungeon |   2690 |   2655 |     35 |   1427 |    710 |   5 |  538.0 |
               +--------+--------+--------+--------+--------+-----+--------+

Top non-repeatable levels by time:
     D:1: 1168 daAuts
     D:2: 1011 daAuts
     D:4: 269 daAuts
     D:3: 232 daAuts
     D:5: 8 daAuts
